 Dungeon Crawl Stone Soup version 0.28.0-62-gf88900778d (webtiles) character file.

Game seed: 16150375597582946856

294 cbfl8 the Covered (level 6, -4/53 HPs)
             Began as a Minotaur Fighter on Aug 25, 2023.
             Succumbed to Terence's poison
             ... on level 3 of the Dungeon.
             The game lasted 00:03:12 (3466 turns).

cbfl8 the Covered (Minotaur Fighter)                Turns: 3466, Time: 00:03:13

Health: -4/53      AC:  7    Str: 21    XL:     6   Next: 11%
Magic:  5/5        EV:  9    Int:  5    God:
Gold:   72         SH:  4    Dex: 11    Spells: 5/5 levels left

rFire   + . .      SeeInvis .   a - +0 war axe
rCold   . . .      Faith    .   c - +0 buckler
rNeg    . . .      Spirit   .   b - +0 scale mail
rPois   .          Reflect  .   (helmet restricted)
rElec   .          Harm     .   (no cloak)
rCorr   .          Rampage  .   (no gloves)
Will    .....                   (no boots)
Stlth   ..........              (no amulet)
HPRegen 0.17/turn               p - ring of protection from fire
MPRegen 0.09/turn               (no ring)

@: mighty, lethally poisoned (-4 -> -42)
A: horns 2, retaliatory headbutt
a: no special abilities


You were on level 3 of the Dungeon.
You visited 1 branch of the dungeon, and saw 3 of its levels.

You collected 72 gold pieces.

Inventory:

Hand Weapons
 a - a +0 war axe (weapon)
Missiles
 l - a throwing net (quivered)
Armour
 b - a +0 scale mail (worn)
 c - a +0 buckler (worn)
Jewellery
 p - a ring of protection from fire (left hand)
 r - a ring of willpower
Wands
 s - a wand of polymorph (5)
Scrolls
 e - a scroll of noise {unknown}
 f - 2 scrolls of teleportation {unknown}
 i - a scroll of silence {unknown}
 k - a scroll of identify {unknown}
 m - a scroll of vulnerability {unknown}
 n - a scroll of summoning {unknown}
 q - a scroll of magic mapping {unknown}
Potions
 g - 4 potions of curing {unknown}
 j - a potion of brilliance {unknown}
 o - a potion of ambrosia {unknown}


   Skills:
 + Level 4.4 Fighting
 + Level 4.8 Axes
 + Level 5.1 Armour
 + Level 4.3 Shields
 * Level 2.2 Evocations


You had 5 spell levels left.
You didn't know any spells.
Your spell library contained the following spells:

 Spells                   Type           Power      Damage    Failure   Level
 Animate Skeleton         Necr           0%         N/A       87%         1
 Apportation              Tloc           0%         N/A       87%         1
 Summon Small Mammal      Summ           0%         N/A       87%         1


Dungeon Overview and Level Annotations

Branches:
Dungeon (3/15)

Altars:

Annotations:
D:3 Terence


Innate Abilities, Weirdness & Mutations

You have a pair of horns on your head.
You reflexively headbutt those who attack you in melee.


Message History

Unknown command.
You hit Terence.
Terence is lightly wounded.
You feel very sick. Terence says, "How do you enjoy it?"
Terence hits you but does no damage.
You are more poisoned.
Unknown command.
You closely miss Terence. You headbutt Terence.
Terence is moderately wounded.
You feel very sick.
Terence hits you with a +2 flail of venom!
You are more poisoned.
Terence hits you with a +2 flail of venom.
You are lethally poisoned!
Unknown command.
You hit Terence. You headbutt Terence.
Terence is heavily wounded.
You feel extremely sick.
Terence hits you with a +2 flail of venom.
Unknown command.
You are too injured to fight recklessly!
You are too injured to fight recklessly!
You feel much better.
You feel very sick. Terence says, "Did you write a will?
You should..."
Terence hits you with a +2 flail of venom.
You are lethally poisoned!
You feel very mighty all of a sudden.
You feel extremely sick.
Terence hits you with a +2 flail of venom!
You are more poisoned.
You barely miss Terence.
Terence is heavily wounded.
* * * LOW HITPOINT WARNING * * *
You feel extremely sick. Terence barely misses you. You furiously retaliate!
You headbutt Terence. You hit Terence but do no damage.
Terence is severely wounded.
You die...

.. .# . #. #.#
.. #.###.#####
... #..........
....#........#
........#..#.#
......@....#.#
......)@..##.#
#...###.#.##.#
# #.#.##.#
#......#
##...### #...#
#...#
.#####...######
.......†......#


You could see Terence.

Vanquished Creatures
  Jessica (D:2)
  Ijyb (D:3)
  Natasha (thrice) (D:2)
  Robin (D:2)
  5 adders
  4 gnolls (D:2)
  A worm (D:2)
  3 orcs (D:2)
  4 ball pythons
  5 bats
  2 endoplasms
  5 giant cockroaches
  14 goblins
  9 hobgoblins
  2 jackals (D:2)
  2 quokkas
  3 kobolds
  2 rats (D:1)
67 creatures vanquished.

Notes
Turn   | Place    | Note
-------+----------+-------------------------------------------
     0 | D:1      | cbfl8 the Minotaur Fighter began the quest for the Orb.
     0 | D:1      | Reached XP level 1. HP: 19/19 MP: 0/0
   242 | D:1      | Reached XP level 2. HP: 27/27 MP: 1/1
   580 | D:1      | Reached skill level 4 in Armour
  1081 | D:2      | Found a faded altar of an unknown god.
  1160 | D:2      | Noticed Natasha
  1169 | D:2      | Killed Natasha
  1170 | D:2      | Reached skill level 1 in Evocations
  1170 | D:2      | Reached XP level 3. HP: 13/33 MP: 2/2
  1529 | D:2      | Reached XP level 4. HP: 26/40 MP: 3/3
  1540 | D:2      | HP: 1/40 [gnoll/+0 club (7)]
  2127 | D:2      | Noticed Robin
  2344 | D:2      | Killed Robin
  2400 | D:2      | Noticed Jessica
  2403 | D:2      | Noticed Natasha
  2406 | D:2      | Killed Jessica
  2407 | D:2      | Reached XP level 5. HP: 45/46 MP: 4/4
  2411 | D:2      | Killed Natasha
  2486 | D:2      | Noticed Natasha
  2496 | D:2      | Killed Natasha
  2497 | D:2      | Reached skill level 5 in Armour
  3303 | D:3      | Noticed Ijyb
  3314 | D:3      | Killed Ijyb
  3315 | D:3      | Reached XP level 6. HP: 52/53 MP: 5/5
  3454 | D:3      | Noticed Terence
  3466 | D:3      | Succumbed to Terence's poison

Illustrated notes

Levels and vault maps discovered:
D:1:      moated_graveyard_arrival, layout_basic
D:2:      layout_basic, nicolae_ecumenical_pavilion, grunt_ministairs_9,
          guppyfry_early_orc_mine, uniq_natasha, uniq_jessica, uniq_robin
D:3:      layout_loops_cross, gammafunk_ghost_cemetery, minmay_unequal,
          uniq_terence, uniq_ijyb

Skill      XL: |  1  2  3  4  5 |
---------------+----------------+-----
Armour         | 4 5 |  5.1
Fighting       | 4 |  4.4
Axes           | 3 4 |  4.8
Shields        | 4 |  4.3
Evocations     | 1 2 |  2.2

Action                   |  1- 3 |  4- 6 || total
-------------------------+-------+-------++-------
Melee: War axe           |    63 |    97 ||   160
       Headbutt          |     9 |    12 ||    21
       Unarmed           |       |     4 ||     4
  Use: Potion            |       |     2 ||     2
Armor: Scale mail        |    41 |    45 ||    86
Dodge: Dodged            |    37 |    54 ||    91
Block: Buckler           |    10 |    21 ||    31
